 Dungeon Crawl Stone Soup version 0.25-a0-365-g7600c65 (webtiles) character file.

Game seed: 14524429003243948804, levelgen mode: deterministic

53501 Birdy the Covert (level 14, -7/115 HPs)
             Began as a Vine Stalker Assassin on Jan 5, 2020.
             Was a High Priest of Wu Jian.
             Mangled by a very large slime creature (12 damage)
             ... on level 12 of the Dungeon.
             The game lasted 01:17:43 (18616 turns).

Birdy the Covert (Vine Stalker Assassin)           Turns: 18616, Time: 01:17:43

Health: -7/115     AC: 27    Str: 15    XL:     14   Next: 68%
Magic:  0/30       EV:  2    Int: 11    God:    Wu Jian [*****.]
Gold:   1394       SH:  0    Dex: 20    Spells: 16/35 levels left

rFire    . . .     SeeInvis +   r - +4 dagger (venom)
rCold    . . .     Gourm    .   (no shield)
rNeg     + + +     Faith    .   (armour currently unavailable)
rPois    +         Spirit   +   (helmet currently unavailable)
rElec    .         Reflect  .   (cloak currently unavailable)
rCorr    .         Harm     .   (gloves currently unavailable)
MR       +....     NoTele   +   (boots currently unavailable)
Stlth    ++++++....             e - amulet of the acrobat
HPRegen  1.09/turn              D - ring of wizardry
MPRegen  0.22/turn              n - ring of poison resistance

@: tree-form, very slightly contaminated, hasted and slowed
A: see invisible, regeneration 2, magic shield, no potion heal 3, rot immunity,
subdued magic 1
a: Wall Jump, Serpent's Lash, Heavenly Storm, Renounce Religion


You were on level 12 of the Dungeon.
You worshipped Wu Jian.
Wu Jian was extremely pleased with you.
You were near starving.
You were a tree.
You visited 3 branches of the dungeon, and saw 19 of its levels.
You also visited: Ossuary.

You collected 1673 gold pieces.
You spent 279 gold pieces at shops.

Inventory:

Hand Weapons
 r - a +4 dagger of venom (weapon)
 Q - a +0 battleaxe
Missiles
 B - 2 throwing nets
 V - 7 atropa-tipped darts (quivered)
Armour
 g - a +2 helmet (melded)
 t - a +2 cloak of invisibility (melded)
 u - a +0 troll leather armour (melded)
 w - a scarf of repulsion
 R - a +1 pair of boots (melded)
 Y - a +0 pair of gloves (melded)
Jewellery
 e - an amulet of the acrobat (around neck)
 i - an uncursed amulet of harm
 n - a ring of poison resistance (right branch)
 q - an uncursed ring of protection from cold
 s - an uncursed ring of flight
 C - an uncursed ring of positive energy
 D - a ring of wizardry (left branch)
 J - an uncursed ring of protection from cold
 U - an uncursed ring of protection from fire {unknown}
Wands
 c - a wand of digging (11)
 m - a wand of disintegration (1)
 o - a wand of scattershot (2)
 A - a wand of paralysis (8)
 F - a wand of acid (14)
 I - a wand of enslavement (7)
 L - a wand of iceblast (26)
 M - a wand of random effects (21)
 N - a wand of clouds (6)
 X - a wand of flame (10)
Scrolls
 h - 6 scrolls of amnesia
 j - 3 scrolls of remove curse
 k - 8 scrolls of teleportation
 y - 3 scrolls of magic mapping
 z - 3 scrolls of enchant weapon
 G - 5 scrolls of fog
Potions
 b - a potion of brilliance
 p - 10 potions of curing
 v - 2 potions of might
 E - 2 potions of ambrosia
 H - 2 potions of flight
 K - a potion of magic
 P - 3 potions of agility
 S - a potion of lignification
 T - 3 potions of invisibility
 Z - a potion of berserk rage
Comestibles
 f - 24 rations


   Skills:
 + Level 10.5 Fighting
 - Level 1.7 Short Blades
 - Level 1.7 Throwing
 - Level 4.0 Armour
 + Level 9.5 Dodging
 + Level 14.6 Stealth
 + Level 11.1 Spellcasting
 * Level 10.0 Summonings
 - Level 5.0 Evocations


You had 16 spell levels left.
You knew the following spells:

 Your Spells              Type           Power        Failure   Level  Hunger
a - Shadow Creatures      Summ           N/A          10%         6    #######
b - Recall                Summ/Tloc      N/A          1%          3    ##.....
c - Summon Mana Viper     Hex/Summ       ##......     14%         5    #####..
d - Summon Forest         Summ/Tloc      ##........   14%         5    #####..

Your spell library contained the following spells:

 Spells                   Type           Power        Failure   Level  Hunger
 Aura of Abjuration       Summ           ###.......   1%          5    #####..
 Summon Demon             Summ           ###.......   1%          5    #####..
 Animate Skeleton         Necr           N/A          4%          1    None
 Pain                     Necr           #...         4%          1    None
 Vampiric Draining        Necr           #.........   12%         3    ##.....
 Animate Dead             Necr           N/A          38%         4    ####...
 Agony                    Necr           #.......     71%         5    #####..


Dungeon Overview and Level Annotations

Branches:
Dungeon (12/15)            Temple (1/1) D:7            Lair (6/6) D:9
  Swamp (0/4) Lair:2        Snake (0/4) Lair:4        Slime (0/5) Lair:6
    Orc (0/2) D:12        Ossuary (visited)

Altars:
Ashenzari
Cheibriados
Hepliaklqana
Nemelex Xobeh
Okawaru
Ru
Wu Jian
Xom

Shops:
D:4 *:[

Annotations:
D:7 3 runed translucent doors, zbzbzb's ghost, novice OpTm
Lair:1 exclusion: oklob plant


Innate Abilities, Weirdness & Mutations

((You have razor-sharp teeth.))
You heal very quickly.
When hurt, damage is shared between your health and your magic reserves.
((Your bite disrupts and absorbs the magic of your enemies.))
Potions cannot restore your health.
You are immune to rotting.
((You are partially covered in molten scales. (AC +2)))
You have supernaturally acute eyesight. (SInv)
Your spells are a little easier to cast, but a little less powerful.


Message History

* * * LOW HITPOINT WARNING * * *
Okay, then.
Okay, then.
Magic courses through your body.
The freezing wraith hits you but does no damage. x2
The slime creature barely misses you.
You hit the slime creature.
The slime creature is heavily wounded.
The freezing wraith hits you but does no damage. x2
Unknown command.
You hit the slime creature.
The slime creature is severely wounded.
The very large slime creature hits you!!
* * * LOW HITPOINT WARNING * * *
The slime creature hits you.
* * * LOW HITPOINT WARNING * * *
The freezing wraith hits you but does no damage. x2
Magic courses through your body.
The very large slime creature hits you!!!
You die...

W## #.?$#.....###..
....#.............
#........?........ ..
....##...>.....### ...
... ##...........## ..# .
. #.$...........# ..#..
................###....
W.............JJ.....##..
..............W♣.........
..#.............#...#.?.
.####.#........###.## #
##############.# .###.##
### #..## .....###
...###..# #...#.##
#.#.##.# ..?...###..#...#
#..#.#......###


You could see a very large slime creature, a slime creature and a freezing
wraith.

Vanquished Creatures
  Rupert (Lair:3)
  Josephine (D:10)
  Harold (D:7)
  3 hydras
  A catoblepas (Lair:6)
  5 skeletal warriors (D:12)
  A necromancer (Lair:4)
  Pikel (D:4)
  2 manticores
  3 cyclopes
  2 oklob plants (Lair:6)
  3 ugly things
  2 elephants (Lair:6)
  5 black mambas
  Psyche (D:11)
  23 spiny frogs
  2 rime drakes
  7 komodo dragons
  2 trolls (D:9)
  A merfolk (D:9)
  A meliai (shapeshifter) (D:10)
  2 hornets (D:11)
  3 tyrant leeches (Lair:6)
  2 bog bodies (Lair:2)
  9 hippogriffs
  27 blink frogs
  A shadow (D:11)
  5 wraiths
  2 wyverns (Lair:5)
  33 yaks
  Sigmund (D:4)
  4 basilisks
  Grum (D:8)
  5 vampire mosquitoes (Lair:6)
  Menkaure (D:6)
  2 wargs (D:9)
  2 swamp worms (Lair:2)
  2 nagas (Lair:4)
  10 water moccasins
  8 porcupines
  3 orc warriors
  3 ice beasts
  2 elephant zombies (Lair:4)
  2 sky beasts
  2 black bears
  5 ogres
  3 phantoms
  19 wolves
  9 centaurs
  6 crocodiles
  2 big kobolds
  2 komodo dragon zombies (Lair:4)
  19 bullfrogs
  A gnoll sergeant (D:11)
  3 scorpions
  6 killer bees (D:9)
  2 troll zombies (D:12)
  6 wights
  2 howler monkeys
  3 electric eels
  A centaur zombie (D:5)
  7 crimson imps
  A bullfrog zombie (D:12)
  A basilisk zombie (Lair:4)
  2 hounds
  A quasit (D:10)
  6 orc priests
  A gnoll shaman (D:7)
  2 jellies
  An iguana (D:7)
  8 worker ants
  9 orc wizards
  3 ogre zombies (D:12)
  A hound zombie (D:11)
  8 mummies (Ossuary)
  2 worker ant zombies
  Robin (D:4)
  11 gnolls
  15 adders
  2 shadow imps (D:7)
  An ooze (D:7)
  2 adder skeletons
  3 worms
  4 dart slugs
  7 leopard geckos
  35 orcs
  8 giant cockroaches
  A gnoll zombie (Ossuary)
  10 hobgoblins
  10 jackals
  14 kobolds
  3 quokkas
  7 bats
  8 frilled lizards
  20 goblins
  A goblin skeleton (D:12)
  3 goblin zombies (D:12)
  A hobgoblin skeleton (D:12)
  2 hobgoblin zombies (Ossuary)
  3 kobold zombies (Ossuary)
  A leopard gecko zombie (D:6)
  2 orc skeletons (D:12)
  10 orc zombies
  3 quokka skeletons
  11 rats
  A butterfly (Lair:2)
  A fungus (Lair:5)
543 creatures vanquished.

Vanquished Creatures (collateral kills)
  A death knight (D:12)
  2 elephants (Lair:6)
  A spiny frog (Lair:6)
  A tyrant leech (Lair:6)
  2 blink frogs (Lair:6)
  A hippogriff (Lair:6)
  A hungry ghost (D:12)
  A vampire mosquito (Lair:6)
  A phantom (D:12)
  2 bullfrogs (Lair:6)
  A troll zombie (D:12)
  A hound (D:11)
  An orc priest (D:12)
  4 orcs (D:12)
  3 orc zombies (D:12)
23 creatures vanquished.

Vanquished Creatures (others)
  A worm (D:4)
  An orc (D:7)
  A bush (Lair:6)
  9 fungi
  23 plants
35 creatures vanquished.

Grand Total: 601 creatures vanquished

Notes
Turn   | Place    | Note
-------+----------+-------------------------------------------
     0 | D:1      | Birdy the Vine Stalker Assassin began the quest for the
                  | Orb.
     0 | D:1      | Reached XP level 1. HP: 11/11 MP: 2/2
    44 | D:1      | Reached skill level 1 in Dodging
   489 | D:1      | Reached skill level 5 in Stealth
   489 | D:1      | Reached XP level 2. HP: 15/15 MP: 3/3
   694 | D:1      | Reached skill level 1 in Spellcasting
   789 | D:1      | Reached XP level 3. HP: 17/18 MP: 5/5
  1531 | D:2      | Gained mutation: Your natural rate of healing is unusually
                  | fast. [Vine Stalker growth]
  1531 | D:2      | Reached XP level 4. HP: 4/23 MP: 2/7
  2012 | D:3      | Found a shattered altar of Ashenzari.
  2121 | D:3      | Reached XP level 5. HP: 27/27 MP: 7/9
  2808 | D:4      | Noticed a big kobold
  2857 | D:4      | Killed a big kobold
  2857 | D:4      | Reached skill level 6 in Stealth
  2857 | D:4      | Reached XP level 6. HP: 19/32 MP: 8/11
  2971 | D:4      | Found Uxuwn's Armour Shoppe.
  3064 | D:4      | Found Vedohif's Book Boutique.
  3105 | D:4      | Noticed Robin
  3119 | D:4      | Found Iliyfiz's General Store.
  3155 | D:4      | Killed Robin
  3183 | D:4      | Noticed Sigmund
  3205 | D:4      | Killed Sigmund
  3205 | D:4      | Reached XP level 7. HP: 28/37 MP: 7/13
  3331 | D:4      | Reached skill level 7 in Stealth
  3544 | D:4      | Gained mutation: You have razor-sharp teeth. [Vine Stalker
                  | growth]
  3544 | D:4      | Reached XP level 8. HP: 42/42 MP: 15/15
  3690 | D:4      | Noticed Pikel
  3707 | D:4      | Killed Pikel
  3707 | D:4      | Reached skill level 8 in Stealth
  3878 | D:4      | Reached skill level 5 in Spellcasting
  4004 | D:5      | Entered Level 5 of the Dungeon
  4023 | D:5      | Reached skill level 5 in Fighting
  4267 | D:5      | Found a sparkling altar of Nemelex Xobeh.
  4397 | D:5      | Reached XP level 9. HP: 15/47 MP: 14/18
  4796 | D:6      | Noticed Menkaure
  4805 | D:6      | Killed Menkaure
  4805 | D:6      | Reached skill level 9 in Stealth
  4939 | D:6      | Reached skill level 5 in Dodging
  5218 | D:6      | Found a sand-covered staircase.
  5224 | Ossuary  | Entered an ossuary
  5927 | D:4      | Bought a +2 cloak of invisibility for 279 gold pieces
  6032 | D:7      | Found an iron altar of Okawaru.
  6044 | D:7      | Noticed Harold
  6064 | D:7      | Killed Harold
  6142 | D:7      | Found a runed translucent gate.
  6142 | D:7      | Found a runed translucent gate.
  6142 | D:7      | Found a runed translucent gate.
  6143 | D:7      | Identified the cursed +3 short sword of Doto {chaos, Str+5
                  | Stlth+}
  6143 | D:7      | Noticed zbzbzb's ghost (novice OpTm)
  6143 | D:7      | Noticed a kobold demonologist
  6216 | D:7      | Reached skill level 1 in Armour
  6251 | D:7      | Reached XP level 10. HP: 39/53 MP: 20/20
  6260 | D:7      | Noticed a manticore
  6294 | D:7      | Killed a manticore
  6322 | D:7      | Learned a level 6 spell: Shadow Creatures
  6680 | D:7      | Found a staircase to the Ecumenical Temple.
  6687 | Temple   | Entered the Ecumenical Temple
  6704 | Temple   | Became a worshipper of the Wu Jian Council
  6728 | D:7      | Found a snail-covered altar of Cheibriados.
  6999 | D:8      | Noticed Grum
  7008 | D:8      | Killed Grum
  7035 | D:8      | Reached skill level 5 in Evocations
  7137 | D:8      | Found a sparkling altar of Nemelex Xobeh.
  7407 | D:8      | Reached * piety under Wu Jian
  7458 | D:8      | You fall into a shaft and drop 2 floors!
  7458 | D:10     | Entered Level 10 of the Dungeon
  7468 | D:10     | Noticed a cyclops
  7474 | D:10     | Noticed a cyclops
  7475 | D:10     | Killed a cyclops
  7475 | D:10     | Reached skill level 10 in Stealth
  7476 | D:10     | Noticed a manticore
  7478 | D:10     | Killed a manticore
  7479 | D:10     | Killed a cyclops
  7504 | D:10     | Reached XP level 11. HP: 36/58 MP: 11/22
  8279 | D:9      | Found a staircase to the Lair.
  8348 | D:9      | Gained mutation: You tend to lose your temper in combat.
                  | [mutagenic glow]
  8356 | D:9      | Lost mutation: You tend to lose your temper in combat.
                  | [potion of mutation]
  8356 | D:9      | Gained mutation: You have supernaturally acute eyesight.
                  | (SInv) [potion of mutation]
  8356 | D:9      | Gained mutation: Your spells are a little easier to cast,
                  | but a little less powerful. [potion of mutation]
  8356 | D:9      | Gained mutation: You are partially covered in molten
                  | scales. (AC +2) [potion of mutation]
  8755 | D:9      | Reached skill level 11 in Stealth
  9273 | D:10     | Reached ** piety under Wu Jian
  9461 | D:10     | Noticed Josephine
  9482 | D:10     | Killed Josephine
 10176 | D:11     | Noticed a cyan ugly thing
 10178 | D:11     | Killed a cyan ugly thing
 10184 | D:11     | Noticed Psyche
 10196 | D:11     | Killed Psyche
 10198 | D:11     | Found a gate leading to a gauntlet.
 10351 | Lair:1   | Entered Level 1 of the Lair of Beasts
 10409 | Lair:1   | Reached skill level 12 in Stealth
 10409 | Lair:1   | Reached *** piety under Wu Jian
 10415 | Lair:1   | Gained mutation: You heal very quickly. [Vine Stalker
                  | growth]
 10415 | Lair:1   | Reached XP level 12. HP: 60/65 MP: 25/25
 11442 | Lair:2   | Found an ornate altar of the Wu Jian Council.
 11649 | Lair:2   | Reached skill level 1 in Summonings
 12530 | Lair:2   | Found a staircase to the Swamp.
 12813 | Lair:3   | Noticed a seven-headed hydra
 12822 | Lair:3   | Killed a seven-headed hydra
 12930 | Lair:3   | Noticed Rupert
 12942 | Lair:3   | Reached **** piety under Wu Jian
 12957 | Lair:3   | Killed Rupert
 12957 | Lair:3   | Reached skill level 13 in Stealth
 12957 | Lair:3   | Reached skill level 5 in Summonings
 13168 | Lair:3   | Reached XP level 13. HP: 70/70 MP: 27/27
 14175 | Lair:4   | Reached skill level 10 in Spellcasting
 14270 | Lair:4   | Found a staircase to the Snake Pit.
 14583 | Lair:4   | Reached ***** piety under Wu Jian
 14815 | Lair:4   | Upgraded the game from 0.25-a0-364-ge76b031 to
                  | 0.25-a0-365-g7600c65
 16018 | Lair:6   | Entered Level 6 of the Lair of Beasts
 16194 | Lair:6   | Reached skill level 14 in Stealth
 16194 | Lair:6   | Reached XP level 14. HP: 42/76 MP: 21/29
 16195 | Lair:6   | Reached skill level 10 in Fighting
 16967 | Lair:6   | Found a staircase to the Slime Pits.
 17686 | D:9      | Found a sparkling altar of Nemelex Xobeh.
 17724 | D:11     | Found a shimmering altar of Xom.
 17781 | D:11     | Learned a level 3 spell: Recall
 17787 | D:11     | Learned a level 5 spell: Summon Mana Viper
 17793 | D:11     | Learned a level 5 spell: Summon Forest
 18293 | D:12     | Found a staircase to the Orcish Mines.
 18334 | D:12     | Reached skill level 10 in Summonings
 18615 | D:12     | HP: 4/115 [very large slime creature (9)]
 18616 | D:12     | Mangled by a very large slime creature

Levels and vault maps discovered:
D:1:      lightli_arrival_farm, layout_basic, minmay_misc_feat_hallway
D:2:      layout_rooms
D:3:      layout_basic, ashenzari_altar_1, nrook_campfire
D:4:      layout_gridville, first_ration, serial_shops, kennysheep_mini,
          nicolae_shop_crystal, shop, grunt_ministairs_14,
          lexackson_kobold_supper, uniq_sigmund, uniq_robin, uniq_pikel
D:5:      layout_basic, nemelex_lonely_heart_becter
D:6:      cheibrodos_iron_armory, layout_loops_cross,
          nicolae_ossuary_entry_plus, kennysheep_flooded_box, uniq_menkaure
D:7:      minmay_chambers_of_sevens, layout_rooms, overflow_temple_1_default,
          minmay_temple_entry_enclosed_plants, gammafunk_ghost_nasty_kobolds,
          basic_altar, uniq_harold
D:8:      layout_rooms, lemuel_zombie_altar_kikubaaqudgha,
          nicolae_overflow_hidden_temple, lemuel_crystal_altar, uniq_grum
D:9:      lemuel_upstairs_altar, layout_cave_pools, erik_lair_orcish_takeover,
          hangedman_fish_farm
D:10:     minmay_curly_fans, layout_basic, uniq_josephine
D:11:     layout_gridville, gauntlet_entry_generic, basic_altar, uniq_psyche
D:12:     kennysheep_snake, layout_cave_pools, zombieorc1_lemuel, uniq_frances
Temple:   nicolae_temple_elliptical
Lair:1:   layout_loops_ring, lemuel_fruit_fields, grunt_megastairs_3,
          serial_bayou_shore_a, minmay_lair_oklob_chamber
Lair:2:   layout_long_grid, nicolae_swamp_entry_splash_gauntlet,
          lemuel_centaur_altar, lemuel_fruit_fields, infiniplex_staircase_pool
Lair:3:   layout_loops_ring, kennysheep_basilisk_garden, grunt_megastairs_5,
          uniq_rupert
Lair:4:   pond_and_an_island_with_a_cottage, layout_regular_city,
          guppyfry_snake_entry_island, st_stairs_10
Lair:5:   layout_misc_corridors, chequers_serial_rivers_micro_a
Lair:6:   minmay_lair_end_frog_pond, layout_loops_ring,
          minmay_slime_entry_oklob_enclosed, infiniplex_staircase_pool_2

Skill      XL: |  1  2  3  4  5  6  7  8  9 10 11 12 13 14 |
---------------+-------------------------------------------+-----
Dodging        | 1 2 3 4 5 6 7 8 9 |  9.5
Fighting       | 2 3 4 5 6 8 9 10 | 10.5
Stealth        | 5 6 7 8 9 10 12 13 14 | 14.6
Spellcasting   | 1 2 3 4 5 6 7 8 9 10 11 | 11.1
Evocations     | 4 5 |  5.0
Armour         | 2 4 |  4.0
Summonings     | 5 8 10 | 10.0
Short Blades   | |  1.7
Throwing       | |  1.7

Action                   |  1- 3 |  4- 6 |  7- 9 | 10-12 | 13-15 || total
-------------------------+-------+-------+-------+-------+-------++-------
Melee: Dagger            |   146 |   179 |   294 |   775 |   687 ||  2081
       Bite              |    35 |    53 |   105 |   210 |   263 ||   666
Throw: Dart              |       |    25 |     2 |     1 |    22 ||    50
       Throwing net      |       |       |       |     5 |       ||     5
 Cast: Shadow Creatures  |       |       |       |     1 |    18 ||    19
       Summon Forest     |       |       |       |       |     1 ||     1
Invok: Lunge             |       |       |       |    65 |    91 ||   156
       Whirlwind         |       |       |       |    80 |   192 ||   272
       Serpent's Lash    |       |       |       |     1 |     1 ||     2
       Heavenly Storm    |       |       |       |       |     1 ||     1
 Abil: Evoke Invisibilit |       |       |     1 |    25 |    17 ||    43
       Evoke Flight      |       |       |     1 |     3 |     1 ||     5
       Wall Jump         |       |       |       |     3 |     4 ||     7
Evoke: Wand              |       |     5 |     3 |     4 |     4 ||    16
  Use: Potion            |     4 |     4 |       |     7 |    11 ||    26
       Scroll            |     2 |     7 |     6 |     7 |     8 ||    30
 Stab: Sleeping          |     8 |     7 |    16 |    32 |    35 ||    98
       Distracted        |       |     1 |       |     4 |     3 ||     8
       Invisible         |       |       |     1 |    54 |    72 ||   127
       Petrifying        |       |       |       |     2 |       ||     2
       Paralysed         |       |       |       |       |     1 ||     1
  Eat: Chunk             |     2 |     6 |     6 |    21 |    23 ||    58
       Ration            |       |       |     1 |     4 |     3 ||     8
Armor: Robe              |    35 |    11 |       |       |       ||    46
       Leather armour    |       |    23 |    41 |    53 |       ||   117
       Skin              |       |       |       |    90 |    15 ||   105
       Troll leather arm |       |       |       |    77 |   129 ||   206
Dodge: Dodged            |   101 |   103 |   156 |   535 |   592 ||  1487

Table legend:
 A = Non-vault XP
 B = Vault XP
 C = Vault XP percentage of total XP
 D = Non-vault monster count
 E = Vault monster count
 F = Vault count percentage of total count
                 A         B        C        D         E       F
            +---------+---------+-------+---------+---------+-------
      Total |   47547 |   28884 |  37.8 |     382 |     182 |  32.3
            +---------+---------+-------+---------+---------+-------
        D:1 |      47 |       0 |   0.0 |      29 |       0 |   0.0
        D:2 |      54 |       0 |   0.0 |      28 |       0 |   0.0
        D:3 |     174 |       0 |   0.0 |      25 |       0 |   0.0
        D:4 |     690 |    1006 |  59.3 |      22 |      23 |  51.1
        D:5 |     631 |       0 |   0.0 |      12 |       0 |   0.0
        D:6 |     465 |     175 |  27.3 |      10 |       1 |   9.1
        D:7 |     358 |    2066 |  85.2 |      20 |      13 |  39.4
        D:8 |    1002 |     536 |  34.9 |      25 |       4 |  13.8
        D:9 |    1315 |     842 |  39.0 |      16 |       8 |  33.3
       D:10 |    1668 |    3836 |  69.7 |      19 |      10 |  34.5
       D:11 |    3674 |     454 |  11.0 |      28 |       1 |   3.4
       D:12 |    5766 |     538 |   8.5 |      21 |      28 |  57.1
     Lair:1 |    1585 |      93 |   5.5 |       8 |       1 |  11.1
     Lair:2 |    5102 |    1315 |  20.5 |      29 |       9 |  23.7
     Lair:3 |    6044 |    3739 |  38.2 |      23 |       7 |  23.3
     Lair:4 |    6301 |    1595 |  20.2 |      26 |       9 |  25.7
     Lair:5 |    6158 |       0 |   0.0 |      23 |       0 |   0.0
     Lair:6 |    6513 |   12538 |  65.8 |      18 |      52 |  74.3
    Ossuary |       0 |     151 | 100.0 |       0 |      16 | 100.0
            +---------+---------+-------+---------+---------+-------
